 Dungeon Crawl Stone Soup version 0.31-a0-844-gdc52ec4e09 (webtiles) character file.

Game seed: 1189428731666617377

2026 garrulousMonolith the Cudgeller (level 9, -4/55 HPs)
             Began as a Gargoyle Fighter on Sept 28, 2023.
             Was an Initiate of Okawaru.
             Killed by divine providence
             ... invoked by an orc priest
              (13 damage)
             ... on level 6 of the Dungeon.
             The game lasted 00:08:36 (6264 turns).

garrulousMonolith the Cudgeller (Gargoyle Fighter)  Turns: 6264, Time: 00:08:37

Health: -4/55      AC: 15    Str: 20    XL:     9   Next: 23%
Magic:  8/10       EV: 11    Int: 11    God:    Okawaru [......]
Gold:   163        SH: 13    Dex: 11    Spells: 8/8 levels left

rFire   . . .        a - +0 flail
rCold   . . .        v - +2 kite shield
rNeg    + . .        b - +0 scale mail
rPois   ∞            (no helmet)
rElec   +            (no cloak)
rCorr   .            (no gloves)
SInv    .            (no boots)
Will    +....        (no amulet)
Stlth   +            e - ring of willpower
HPRegen 0.29/turn    m - +4 ring of slaying
MPRegen 0.12/turn

%: no passive effects
@: heroic
A: sickness immunity, AC +6, negative energy resistance 1, electricity
resistance, torment resistance 1, petrification resistance
a: Renounce Religion


You were on level 6 of the Dungeon.
You worshipped Okawaru.
Okawaru was noncommittal.
You visited 2 branches of the dungeon, and saw 7 of its levels.

You collected 273 gold pieces.
You spent 110 gold pieces at shops.

Inventory:

Hand Weapons
 a - a +0 flail (weapon)
 h - a +3 trident of draining
Missiles
 r - 5 poisoned darts
Armour
 b - a +0 scale mail (worn)
 c - a +0 buckler
 v - a +2 kite shield (worn)
Jewellery
 e - a ring of willpower (left hand)
 i - a ring of see invisible
 m - a +4 ring of slaying (right hand)
 q - a +4 ring of protection
 t - a ring of resist corrosion
Wands
 d - a wand of flame (19)
 l - a wand of iceblast (9)
 B - a wand of acid (9)
Scrolls
 f - a scroll of teleportation
 g - 2 scrolls of identify {unknown}
 j - a scroll of blinking {unknown}
 k - a scroll of revelation {unknown}
 n - a scroll of immolation {unknown}
 s - 2 scrolls of poison
 u - a scroll of brand weapon {unknown}
 w - a scroll of torment {unknown}
 y - a scroll of enchant armour {unknown}
 A - a scroll of enchant weapon {unknown}
 C - a scroll of fear {unknown}
Potions
 o - 2 potions of resistance {unknown}
 p - a potion of curing
 x - a potion of brilliance {unknown}
 z - a potion of ambrosia {unknown}


   Skills:
 + Level 6.2(11.2) Fighting
 * Level 7.2(12.2) Maces & Flails
 + Level 6.2(11.2) Armour
 - Level 3.0(8.0) Dodging
 + Level 6.1(11.1) Shields
 + Level 2.5 Invocations


You had 8 spell levels left.
You didn't know any spells.
Your spell library contained the following spells:

 Spells                   Type           Power      Damage    Failure   Level
 Blink                    Tloc           0%         N/A       92%         2
 Lesser Beckoning         Tloc           0%         N/A       92%         2
 Momentum Strike          Conj/Tloc      0%         3d8       92%         2
 Inner Flame              Hex/Fire       0%         N/A       99%         3
 Yara's Violent Unravell  Hex/Tmut       0%         3d3       100%        5
 Enfeeble                 Hex            0%         N/A       100%        7


Dungeon Overview and Level Annotations

Branches:
Dungeon (6/15)             Temple (1/1) D:6

Altars:
Ashenzari
Cheibriados
Dithmenos
Elyvilon
Fedhas
Gozag
Hepliaklqana
Kikubaaqudgha
Makhleb
Nemelex Xobeh
Okawaru
Qazlal
Ru
Sif Muna
Trog
Uskayaw
Vehumet
Wu Jian
Xom
Yredelemnul
Zin
The Shining One

Shops:
D:1 !

Annotations:
D:3 1 runed translucent door, Splishie's ghost, amateur GnSh
D:4 3 runed translucent doors, pigah's ghost, amateur OpSh


Innate Abilities, Weirdness & Mutations

You are immune to sickness and miasma.
Your stone body is resilient. (AC +6)
You are immune to poison.
You resist negative energy. (rN+)
You are resistant to electric shocks. (rElec)
You are resistant to unholy torment.
You are immune to petrification.


Message History

The orc priest hits you from afar with a +0 spear.
You hit the orc wizard.
The orc wizard is severely wounded.
The orc wizard closely misses you.
The orc priest calls down the wrath of Beogh upon you.
Beogh smites you!
* * * LOW HITPOINT WARNING * * *
You sock the orc wizard!
You kill the orc wizard!
Okawaru accepts your kill.
The orc priest hits you but does no damage.
You hit the gnoll but do no damage. The gnoll hits you but does no damage.
You block the orc priest's attack. The gnoll barely misses you.
The orc hits you but does no damage.
The gnoll hits you from afar with a +0 spear of pain.
* * * LOW HITPOINT WARNING * * *
The gnoll hits you but does no damage. x2; The orc priest closely misses you.
You feel much better. The orc hits you with a +0 flail.
The orc priest closely misses you. The gnoll barely misses you.
You block the gnoll's attack. x2
You gain the combat prowess of a mighty hero.
You can no longer gain great but temporary skills.
The gnoll closely misses you. The orc closely misses you.
The orc priest closely misses you. The gnoll closely misses you.
The gnoll hits you but does no damage.
You closely miss the gnoll. You barely miss the gnoll.
You block the gnoll's attack. The orc hits you with a +0 flail.
The orc priest calls down the wrath of Beogh upon you.
Beogh smites you!
* * * LOW HITPOINT WARNING * * *
The gnoll misses you.
The gnoll hits you with a +0 flail of protection!
* * * LOW HITPOINT WARNING * * *
You hit the gnoll.
The gnoll is heavily wounded.
You block the gnoll's attack. The orc hits you but does no damage.
The orc priest mumbles some strange prayers to Beogh against you.
Beogh smites you!
You die...

### ####.. .....####
# ####.).# #
####....##g###......
#.#.......@go........
#.#.##...o##g##.....
#............#.....
###.###########... #
#.# #.#######..# #.#
#)){.......# #.#
#)########.# #.#####
##'## #.# #.....#
##...## #.#


You could see an orc priest, 3 gnolls and an orc.

Vanquished Creatures
  Jeremiah (D:6)
  Prince Ribbit (D:6)
  Menkaure (D:6)
  An acid dragon (D:6)
  2 water moccasins
  An ice beast (D:6)
  A phantom (D:5)
  A bullfrog (D:5)
  A kobold brigand (D:6)
  A scorpion (D:4)
  A howler monkey (D:4)
  A gnoll bouda (D:6)
  2 orc priests
  A hound (D:6)
  2 jellies (D:5)
  4 iguanas
  Natasha (thrice) (D:4)
  4 orc wizards
  A sleepcap (D:6)
  7 gnolls
  9 adders
  2 shadow imps (D:5)
  A worm (D:2)
  6 dart slugs
  11 orcs
  5 endoplasms
  4 giant cockroaches
  5 goblins
  8 hobgoblins
  3 jackals (D:2)
  7 quokkas
  8 ball pythons
  7 bats
  6 frilled lizards
  6 kobolds
  8 rats
133 creatures vanquished.

Notes
Turn   | Place    | Note
-------+----------+-------------------------------------------
     0 | D:1      | garrulousMonolith the Gargoyle Fighter began the quest for
                  | the Orb.
     0 | D:1      | Reached XP level 1. HP: 14/14 MP: 1/1
    81 | D:1      | Reached XP level 2. HP: 13/19 MP: 2/2
   108 | D:1      | Found a faded altar of an unknown god.
   370 | D:1      | Found Feagu's Distillery.
   638 | D:2      | Reached XP level 3. HP: 23/23 MP: 3/3
   979 | D:2      | Found a sacrificial altar of Ru.
  1070 | D:2      | Reached skill level 3 in Maces & Flails
  1070 | D:2      | Reached skill level 1 in Dodging
  1070 | D:2      | Reached XP level 4. HP: 26/29 MP: 4/4
  2036 | D:3      | Found a runed translucent door.
  2049 | D:3      | Noticed Splishie's ghost (amateur GnSh)
  2121 | D:1      | Bought a potion of heal wounds for 50 gold pieces
  2121 | D:1      | Bought a potion of curing for 30 gold pieces
  2121 | D:1      | Bought a potion of curing for 30 gold pieces
  2234 | D:4      | Found a white marble altar of Elyvilon.
  2295 | D:4      | Reached XP level 5. HP: 33/33 MP: 5/5
  2311 | D:4      | Noticed Natasha
  2324 | D:4      | Killed Natasha
  2336 | D:4      | Noticed Natasha
  2350 | D:4      | Killed Natasha
  2388 | D:4      | Found a runed translucent gate.
  2453 | D:4      | Reached skill level 4 in Maces & Flails
  2453 | D:4      | Reached XP level 6. HP: 36/38 MP: 6/6
  2811 | D:4      | Noticed Natasha
  2819 | D:4      | Killed Natasha
  2889 | D:4      | Noticed pigah's ghost (amateur OpSh)
  2913 | D:4      | Noticed an ice beast
  2927 | D:4      | Found a runed translucent gate.
  2927 | D:4      | Found a runed translucent gate.
  3087 | D:4      | Noticed an ice beast
  3307 | D:5      | Entered Level 5 of the Dungeon
  3321 | D:5      | Reached XP level 7. HP: 34/44 MP: 7/7
  3374 | D:5      | Identified the +2 whip "Liwnu" {pain, rElec rN+ Str-3
                  | Dex+5}
  3488 | D:5      | Reached skill level 5 in Maces & Flails
  3861 | D:5      | Reached skill level 5 in Fighting
  3861 | D:5      | Reached skill level 5 in Armour
  3861 | D:5      | Reached skill level 5 in Shields
  3916 | D:5      | Reached XP level 8. HP: 31/49 MP: 8/8
  4490 | D:6      | Noticed Prince Ribbit
  4538 | D:6      | Killed Prince Ribbit
  4660 | D:6      | Found a staircase to the Ecumenical Temple.
  4690 | D:6      | Reached skill level 6 in Maces & Flails
  4729 | Temple   | Entered the Ecumenical Temple
  4762 | Temple   | Became a worshipper of Warmaster Okawaru
  5010 | D:6      | Noticed Jeremiah
  5381 | D:5      | Reached skill level 1 in Invocations
  5617 | D:6      | Killed Jeremiah
  5618 | D:6      | Reached XP level 9. HP: 15/55 MP: 8/10
  5881 | D:6      | Reached * piety under Okawaru
  5882 | D:6      | Reached skill level 7 in Maces & Flails
  5988 | D:6      | Noticed Menkaure
  6006 | D:6      | Killed Menkaure
  6264 | D:6      | Killed from afar by an orc priest

Illustrated notes

Levels and vault maps discovered:
D:1:      noname_arrival_rooms_in_the_neighbourhood, layout_rooms, serial_shops,
          shop, nicolae_ecumenical_snake_handling
D:2:      layout_basic, basic_altar, corexii_item_surrounded_by_moat,
          minmay_misc_feat_pillars, serial_bayou_pond_c, minmay_three_crescents
D:3:      layout_loops_ring, ebering_ghost_reflecting_pool
D:4:      layout_basic, amcnicky_altar_gilded, gammafunk_ghost_icy,
          minmay_parallelograms, nrook_uturn, minmay_misc_feat_four_crosses,
          grunt_ministairs_4, uniq_natasha
D:5:      layout_rooms, serial_curves, eino_curves_02, eino_curves_01
D:6:      layout_loops_corners, minmay_temple_entry_statues, uniq_menkaure,
          uniq_prince_ribbit1, uniq_jeremiah
Temple:   kilobyte_greek_temple

Skill      XL: |  1  2  3  4  5  6  7  8  9 |
---------------+----------------------------+-----
Maces & Flails | 3 4 5 6 7 |  7.2
Dodging        | 1 2 3 |  3.0
Shields        | 4 5 6 |  6.1
Fighting       | 4 5 6 |  6.2
Armour         | 4 5 6 |  6.2
Invocations    | 1 2 |  2.5

Action                     |  1- 3 |  4- 6 |  7- 9 || total
---------------------------+-------+-------+-------++-------
  Melee: Flail             |   116 |   199 |   282 ||   597
 Invoke: Heroism           |       |       |     1 ||     1
  Evoke: Wand              |       |       |     2 ||     2
    Use: Scroll            |       |     1 |     4 ||     5
         Potion            |       |       |     7 ||     7
 Armour: Scale mail        |    68 |   133 |   191 ||   392
  Dodge: Dodged            |    73 |    92 |   104 ||   269
  Block: Buckler           |    27 |    42 |       ||    69
         Kite shield       |       |       |   182 ||   182

Table legend: (Time is in decaauts)
 A = Elapsed time spent in this place.
 B = Non-inter-level travel time spent in this place.
 C = Inter-level travel time spent in this place.
 D = Time resting spent in this place.
 E = Time spent auto-exploring this place.
 F = Levels seen in this place.
 G = Mean time per level.
                   A        B        C        D        E       F      G
               +--------+--------+--------+--------+--------+-----+--------+
         Total |   6425 |   6097 |    328 |   1367 |   3328 |   7 |  917.9 |
       Dungeon |   6359 |   6092 |    267 |   1367 |   3328 |   6 | 1059.8 |
        Temple |     65 |      4 |     61 |      0 |      0 |   1 |   65.0 |
               +--------+--------+--------+--------+--------+-----+--------+

Top non-repeatable levels by time:
     D:6: 1577 daAuts
     D:5: 1377 daAuts
     D:4: 1142 daAuts
     D:2: 888 daAuts
     D:3: 738 daAuts
     D:1: 635 daAuts
  Temple: 65 daAuts
